AoeStats
← TaintyGuuch

MegaRandom

510464536Analyzed
4v4 RM · 23h ago on Oct 1, 2026· 57m 12s· 8 players
Game mode
Random Map
Map size
Large (8 player)
Population
200
Speed
Normal
Resources
Standard
Victory
Conquest
Starting age
Dark Age
Ending age
Imperial Age
RankedLock teamsTeams togetherTeam positionsShared explorationLock speedFull tech treeHidden civsTurbo modeCheats
Victory
Defeat
🇲🇽 Tatars · Mexico
630
+8
🇫🇷 Persians · France
584
+10
🇨🇱 Mongols · Chile
574
+10
🇺🇸 Khmer · United States
528
+12
🇺🇸 Khmer · United States
525
-12
🇺🇸 Persians · United States
524
-13
🇺🇸 Romans · United States
385
-8
🇨🇦 Huns · Canada
346
-7
EPYON182
0:42 Loom
11:00 Feudal Age
12:56 Man-at-Arms
15:32 Wheelbarrow
15:22 Scale Mail Armor
17:14 Double-Bit Axe
20:09 Horse Collar
31:54 Castle Age
34:03 Bow Saw
34:08 Heavy Plow
37:02 Hand Cart
38:10 Pikeman
38:53 Long Swordsman
39:53 Chain Mail Armor
39:58 Forging
39:57 Squires
43:56 Gold Mining
44:01 Stone Mining
44:36 Fortified Wall
46:35 Gold Shaft Mining
50:14 Imperial Age
49:55 Ballistas
55:19 Legionary
SidedMass3967
14:11 Feudal Age
15:35 Wheelbarrow
14:45 Horse Collar
15:29 Double-Bit Axe
24:31 Castle Age
25:20 Hand Cart
25:21 Bow Saw
25:20 Heavy Plow
25:14 Gold Mining
25:15 Stone Mining
25:14 Loom
28:59 Gold Shaft Mining
29:00 Stone Shaft Mining
36:23 Imperial Age
34:00 Fletching
34:11 Padded Archer Armor
36:32 Kamandaran
36:06 Crossbowman
37:07 Thumb Ring
37:28 Bodkin Arrow
37:49 Leather Archer Armor
41:20 Elite War Elephant
42:21 Masonry
42:32 Forging
42:28 Scale Barding Armor
43:04 Ring Archer Armor
42:38 Town Watch
42:21 Cavalier
43:02 Husbandry
43:14 Bloodlines
46:45 Iron Casting
46:31 Chain Barding Armor
45:37 Savar
47:04 Hoardings
50:24 Blast Furnace
49:59 Plate Barding Armor
MoldyShelf59466
0:34 Loom
14:00 Feudal Age
16:58 Wheelbarrow
16:13 Double-Bit Axe
22:21 Bloodlines
23:08 Gold Mining
23:29 Horse Collar
24:47 Scale Barding Armor
29:32 Castle Age
29:30 Forging
30:45 Chain Barding Armor
30:19 Town Watch
33:08 Gold Shaft Mining
37:27 Fortified Wall
37:21 Town Patrol
40:15 Stone Mining
40:45 Masonry
40:32 Murder Holes
40:41 Caravan
44:11 Tusk Swords
scrappernewman
TaintyGuuch
16:17 Feudal Age
17:56 Horse Collar
18:29 Double-Bit Axe
28:35 Castle Age
27:50 Gold Mining
27:51 Stone Mining
29:18 Heavy Plow
29:32 Bow Saw
30:04 Gold Shaft Mining
30:05 Stone Shaft Mining
32:58 Wheelbarrow
32:10 Loom
32:12 Town Watch
35:08 Hand Cart
34:54 Town Patrol
39:49 Imperial Age
42:54 Crop Rotation
43:41 Coinage
43:12 Caravan
45:06 Scale Barding Armor
45:12 Forging
45:02 Scale Mail Armor
45:03 Padded Archer Armor
44:54 Fletching
45:28 Ballistics
46:09 Chemistry
45:01 Heated Shot
45:22 Fortified Wall
45:23 Masonry
45:20 Siege Engineers
45:06 Guard Tower
45:12 Murder Holes
45:27 Careening
45:29 Clinker Construction
45:25 Siphons
51:41 Banking
53:11 Chain Barding Armor
53:27 Iron Casting
53:08 Chain Mail Armor
53:09 Leather Archer Armor
52:50 Bodkin Arrow
53:31 Architecture
52:34 Elite Battle Elephant
53:27 Bloodlines
53:19 Husbandry
✪KillerMx✪
10:10 Feudal Age
15:13 Horse Collar
20:12 Wheelbarrow
23:16 Castle Age
26:34 Double-Bit Axe
26:52 Heavy Plow
33:20 Bow Saw
40:20 Hand Cart
43:08 Imperial Age
42:23 Scale Barding Armor
42:28 Forging
42:19 Scale Mail Armor
44:16 Chain Barding Armor
44:32 Iron Casting
44:17 Bloodlines
44:10 Husbandry
43:33 Elite Steppe Lancer
44:37 Silk Armor
44:30 Arson
44:45 Squires
44:05 Pikeman
47:00 Plate Barding Armor
45:58 Light Cavalry
47:19 Hussar
49:14 Blast Furnace
48:01 Capped Ram
48:53 Siege Ram
49:38 Halberdier
armand.clement.1234
0:35 Loom
10:10 Feudal Age
10:40 Double-Bit Axe
10:43 Horse Collar
11:57 Wheelbarrow
18:32 Gold Mining
18:33 Stone Mining
21:14 Castle Age
22:37 Heavy Plow
22:52 Bow Saw
23:20 Stone Shaft Mining
23:27 Gold Shaft Mining
22:42 Town Watch
25:04 Masonry
25:17 Hand Cart
30:30 Thumb Ring
31:32 Kamandaran
31:36 Crossbowman
32:23 Padded Archer Armor
32:16 Fletching
33:09 Ballistics
38:48 Imperial Age
38:47 Leather Archer Armor
38:29 Bodkin Arrow
39:47 Architecture
40:10 Conscription
41:37 Two-Man Saw
42:21 Sappers
42:32 Sappers
44:28 Ring Archer Armor
45:02 Chemistry
43:31 Elite Skirmisher
46:44 Crop Rotation
47:16 Hoardings
54:08 Scale Barding Armor
54:15 Forging
54:10 Murder Holes
54:58 Elite War Elephant
56:12 Chain Barding Armor
Anti
11:45 Feudal Age
12:48 Double-Bit Axe
14:30 Wheelbarrow
15:02 Gold Mining
16:32 Stone Mining
17:56 Padded Archer Armor
22:28 Castle Age
20:53 Fletching
21:07 Horse Collar
28:45 Gold Shaft Mining
28:24 Bow Saw
28:34 Hand Cart
28:22 Caravan
29:34 Husbandry
29:44 Bloodlines
30:36 Leather Archer Armor
34:24 Bodkin Arrow
38:24 Imperial Age
37:03 Stone Shaft Mining
39:14 Bracer
41:27 Conscription
41:14 Nomads
43:55 Elite Mangudai
45:23 Ballistics
48:43 Drill
Connection lost

Rejoining the realm…

Still unreachable

The connection could not be restored.

Session expired

The server has moved on; the page needs a fresh start.